 Dungeon Crawl Stone Soup version 0.29-a0-416-g83a48905f1 (webtiles) character file.

Game seed: 1452535773156401397

1773 Bruhh the Martial Artist (level 8, -3/59 HPs)
             Began as a Yellow Draconian Transmuter on May 16, 2022.
             Was a Follower of Uskayaw.
             Slain by a wraith (6 damage)
             ... on level 5 of the Dungeon.
             The game lasted 00:07:51 (4318 turns).

Bruhh the Martial Artist (DrTm)                     Turns: 4318, Time: 00:07:52

Health: -3/59      AC:  2    Str: 12    XL:     8   Next: 80%
Magic:  7/12       EV: 19    Int: 15    God:    Uskayaw [*.....]
Gold:   260        SH:  0    Dex: 18    Spells: 9/13 levels left

rFire   + . .      SeeInvis +     - Unarmed
rCold   + . .      Faith    .   (shield currently unavailable)
rNeg    . . .      Spirit   .   (body armour unavailable)
rPois   .          Reflect  .   (helmet currently unavailable)
rElec   +          Harm     .   (cloak currently unavailable)
rCorr   +          Rampage  .   (gloves currently unavailable)
Will    +....                   (boots currently unavailable)
Stlth   ++........              g - amulet of regeneration
HPRegen 0.99/turn               t - ring of willpower
MPRegen 0.13/turn               x - ring of see invisible

@: brilliant, lethally poisoned (-3 -> -4), short of breath, spider-form
(expiring), resistant, flying
A: venomous fangs, (spit acid), AC +6, tiny, unfitting armour, (cold-blooded),
(acid resistance)
a: End Transformation, Renounce Religion, Stomp


You were on level 5 of the Dungeon.
You worshipped Uskayaw.
Uskayaw was noncommittal.
You were a venomous arachnid creature.
You visited 1 branch of the dungeon, and saw 5 of its levels.

You collected 260 gold pieces.

Inventory:

Hand Weapons
 l - a +2 spear of venom (melded)
Missiles
 k - 10 poisoned darts
Armour
 h - a +1 hat (melded)
 i - a +2 pair of gloves (melded)
 q - a +0 kite shield
Jewellery
 g - an amulet of regeneration (around neck)
 n - a ring of ice
 t - a ring of willpower (left front leg)
 x - a ring of see invisible (right front leg)
Wands
 s - a wand of flame (15)
Scrolls
 b - 6 scrolls of identify {unknown}
 j - a scroll of magic mapping {unknown}
 m - a scroll of enchant armour {unknown}
 o - a scroll of fear {unknown}
 r - 2 scrolls of teleportation {unknown}
 w - a scroll of summoning {unknown}
 y - a scroll of poison {unknown}
 A - a scroll of vulnerability {unknown}
Potions
 a - a potion of lignification
 c - 3 potions of brilliance
 d - 3 potions of flight
 e - 2 potions of resistance
 f - 2 potions of attraction {unknown}
 p - 2 potions of heal wounds {unknown}
 u - a potion of haste {unknown}
 v - 4 potions of curing {unknown}
 z - a potion of invisibility


   Skills:
 - Level 1.3 Fighting
 - Level 1.7 Dodging
 - Level 8.0 Unarmed Combat
 - Level 3.0 Spellcasting
 + Level 6.3 Transmutations
 * Level 5.9 Invocations


You had 9 spell levels left.
You knew the following spells:

 Your Spells              Type           Power      Damage    Failure   Level
a - Beastly Appendage     Tmut           64%        N/A       7%          1
b - Spider Form           Tmut/Pois      17%        N/A       34%         3

Your spell library contained the following spells:

 Spells                   Type           Power      Damage    Failure   Level
 Wereblood                Tmut           32%        N/A       9%          2
 Ice Form                 Ice/Tmut       17%        N/A       69%         4
 Dazzling Flash           Conj/Hex       6%         N/A       73%         3
 Iskenderun's Mystic Bla  Conj/Tloc      3%         2d3       97%         4
 Starburst                Conj/Fire      1%         6d3       100%        6


Dungeon Overview and Level Annotations

Branches:
Dungeon (5/15)             Temple (0/1) D:4

Altars:
Kikubaaqudgha
Ru
Uskayaw
Xom

Shops:
D:1 =


Innate Abilities, Weirdness & Mutations

You are a venomous arachnid creature.
You have poisonous fangs.
You are tiny and dextrous.
Your spellcasting is less reliable in this form.
Your armour is entirely melded.
You are incapable of wielding weapons or throwing items.
((You can spit globs of acid.))
((Your golden yellow scales are hard. (AC +6)))
You cannot fit into any form of body armour.
((You are cold-blooded and may be slowed by cold attacks.))
((You are resistant to acid. (rCorr)))


Message History

The water moccasin barely misses you.
You hit the water moccasin.
The water moccasin is lightly wounded.
You feel very sick. The water moccasin closely misses you.
The water moccasin bites you.
* * * LOW HITPOINT WARNING * * *
You bite the water moccasin!
The water moccasin is heavily wounded.
* * * LOW HITPOINT WARNING * * *
You feel very sick. The water moccasin barely misses you.
You bite the water moccasin!
The water moccasin is poisoned.
The water moccasin is severely wounded.
Your transformation is almost over.
* * * LOW HITPOINT WARNING * * *
You feel very sick. The water moccasin closely misses you.
You can now pass through a line of other dancers.
You stomp with the beat, sending a shockwave through the revellers around you!
The water moccasin is almost dead.
You can no longer pass through a line of other dancers.
* * * LOW HITPOINT WARNING * * *
You feel very sick.
You kill the water moccasin!
Unknown command.
It was a potion of flight.
You feel very buoyant.
You fly up into the air.
* * * LOW HITPOINT WARNING * * *
You feel very sick. The wraith misses you.
It was a potion of brilliance.
You feel clever all of a sudden.
* * * LOW HITPOINT WARNING * * *
You feel very sick. The wraith misses you.
It was a potion of resistance.
You feel protected.
You feel sick. The wraith hits you.
You die...

..##........#### ...
...........#.#. ...#
###........##...
.##..##.#........#....
......................
.<......###..........
.......###..........
#.#.....#.........
#s......####......
##W.###..≈P####### ..#
#.J## #....P....
....##..## #.........
#......###..PP≈....
#.......##..^....##
#...#...(......###
##.J####W..##### ##...
###...#...


You could see a wraith and a jelly.

Vanquished Creatures
  Sigmund (D:2)
  Eustachio (D:5)
  A steam dragon (D:5)
  3 water moccasins
  An orc warrior (D:3)
  3 black bears (D:4)
  A bullfrog (D:4)
  A necrophage (D:4)
  A scorpion (D:5)
  A howler monkey (D:5)
  A jelly (D:4)
  A gnoll shaman (D:3)
  3 hounds
  An iguana (D:4)
  An orc wizard (D:5)
  5 gnolls
  6 adders
  4 worms
  A dart slug (D:4)
  10 orcs
  12 ball pythons
  16 endoplasms
  3 giant cockroaches
  5 goblins
  9 hobgoblins
  3 jackals (D:3)
  8 kobolds
  5 quokkas
  6 bats
  2 frilled lizards
  6 rats
122 creatures vanquished.

Vanquished Creatures (others)
  An adder (D:3)
  A rat (D:3)
  23 fungi (D:5)
25 creatures vanquished.

Grand Total: 147 creatures vanquished

Notes
Turn   | Place    | Note
-------+----------+-------------------------------------------
     0 | D:1      | Bruhh the Draconian Transmuter began the quest for the Orb.
     0 | D:1      | Reached XP level 1. HP: 16/16 MP: 3/3
   344 | D:1      | Found a faded altar of an unknown god.
   447 | D:1      | Prayed at the altar of an unknown god.
   447 | D:1      | Became a worshipper of Uskayaw the Reveller
   447 | D:1      | Reached * piety under Uskayaw
   487 | D:1      | Reached XP level 2. HP: 23/23 MP: 3/5
   489 | D:1      | Reached ** piety under Uskayaw
   495 | D:1      | Reached *** piety under Uskayaw
   762 | D:1      | Found Doemeipo's Jewellery Shop.
  1274 | D:2      | Reached XP level 3. HP: 28/28 MP: 6/6
  1378 | D:2      | Noticed Sigmund
  1392 | D:2      | Killed Sigmund
  1393 | D:2      | Reached skill level 5 in Unarmed Combat
  1393 | D:2      | Reached XP level 4. HP: 10/35 MP: 7/7
  1393 | D:2      | Reached XP level 5. HP: 11/40 MP: 8/8
  2256 | D:3      | Learned a level 3 spell: Spider Form
  2260 | D:3      | Found a shimmering altar of Xom.
  2302 | D:3      | Reached XP level 6. HP: 44/47 MP: 9/9
  2633 | D:3      | Reached skill level 6 in Unarmed Combat
  2721 | D:3      | Noticed an orc warrior
  3030 | D:3      | Killed an orc warrior
  3105 | D:4      | Found a sacrificial altar of Ru.
  3152 | D:4      | Your scales start taking on a golden yellow colour.
  3152 | D:4      | Reached XP level 7. HP: 52/52 MP: 10/10
  3152 | D:4      | Gained mutation: You are resistant to acid. (rCorr) [Yellow
                  | Draconian growth]
  3206 | D:4      | Reached skill level 7 in Unarmed Combat
  3251 | D:4      | Reached skill level 5 in Transmutations
  3296 | D:4      | Reached skill level 8 in Unarmed Combat
  3296 | D:4      | Reached skill level 1 in Invocations
  3407 | D:4      | Reached XP level 8. HP: 52/59 MP: 9/11
  3464 | D:4      | Found an ancient bone altar of Kikubaaqudgha.
  3716 | D:4      | Found a staircase to the Ecumenical Temple.
  3990 | D:5      | Entered Level 5 of the Dungeon
  4215 | D:5      | Noticed Eustachio
  4223 | D:5      | Killed Eustachio
  4224 | D:5      | Reached skill level 5 in Invocations
  4318 | D:5      | Slain by a wraith

Illustrated notes

Levels and vault maps discovered:
D:1:      amcnicky_arrival_choice, layout_loops_ring, serial_shops,
          shop_fountains, dilly_ecumenical_altar_fadedgnrine,
          minmay_door_square, corexii_leaking_fountain
D:2:      layout_basic, uniq_sigmund
D:3:      layout_basic, xom_confusion_cloud, cheibrodos_gnoll_hut
D:4:      minmay_angry_zag, layout_rooms, kennysheep_mini_moat,
          mainiacjoe_overflow_concentric_impassable,
          nicolae_overflow_hidden_temple, minmay_temple_entry_arrows,
          grunt_ministairs_8, kennysheep_cross_bottleneck, minmay_quantized
D:5:      kennysheep_steamy, layout_cave_pools, serial_shops,
          nicolae_square_shop, guppyfry_early_lair_pool, uniq_eustachio

Skill      XL: |  1  2  3  4  5  6  7  8 |
---------------+-------------------------+-----
Unarmed Combat | 5 6 8 |  8.0
Transmutations | 4 5 6 |  6.3
Invocations    | 2 5 |  5.9
Spellcasting   | 3 |  3.0
Fighting       | |  1.3
Dodging        | |  1.7

Action                   |  1- 3 |  4- 6 |  7- 9 || total
-------------------------+-------+-------+-------++-------
Melee: Unarmed           |    54 |     8 |    27 ||    89
       Kick              |     4 |       |       ||     4
       Headbutt          |     4 |       |       ||     4
       Punch             |     2 |     1 |     5 ||     8
       Spear             |    24 |   138 |   137 ||   299
       Tailslap          |     6 |    14 |    16 ||    36
 Cast: Beastly Appendage |    15 |       |       ||    15
       Spider Form       |       |     1 |     3 ||     4
Invok: Stomp             |       |       |     5 ||     5
 Abil: Breathe Acid      |       |       |     5 ||     5
  Use: Potion            |       |       |     3 ||     3
 Stab: Sleeping          |       |     4 |     1 ||     5
       Paralysed         |       |       |     3 ||     3
Armor: Skin              |    19 |    51 |    67 ||   137
Dodge: Dodged            |    44 |    96 |   130 ||   270

Table legend: (Time is in decaauts)
 A = Elapsed time spent in this place.
 B = Non-inter-level travel time spent in this place.
 C = Inter-level travel time spent in this place.
 D = Time resting spent in this place.
 E = Time spent auto-exploring this place.
 F = Levels seen in this place.
 G = Mean time per level.
                   A        B        C        D        E       F      G
               +--------+--------+--------+--------+--------+-----+--------+
         Total |   4342 |   4185 |    157 |    105 |   3061 |   5 |  868.4 |
       Dungeon |   4342 |   4185 |    157 |    105 |   3061 |   5 |  868.4 |
               +--------+--------+--------+--------+--------+-----+--------+

Top non-repeatable levels by time:
     D:2: 1146 daAuts
     D:1: 1083 daAuts
     D:3: 984 daAuts
     D:4: 799 daAuts
     D:5: 328 daAuts
